 Dungeon Crawl Stone Soup version 0.29.0-15-g675c0067aa (webtiles) character file.

Game seed: 2843468876777474841

2320 qw the Cleaver (level 9, 0/55 HPs)
             Began as a Gargoyle Delver on Sept 11, 2022.
             Was a Follower of Okawaru.
             Killed by divine providence
             ... invoked by an orc priest
              (13 damage)
             ... on level 7 of the Dungeon.
             The game lasted 00:02:49 (5947 turns).

qw the Cleaver (Gargoyle Delver)                    Turns: 5947, Time: 00:02:49

Health: 0/55       AC: 23    Str: 21    XL:     9   Next: 41%
Magic:  10/12      EV:  8    Int: 10    God:    Okawaru [*.....]
Gold:   400        SH:  0    Dex: 11    Spells: 8/8 levels left

rFire   . . .      SeeInvis .   Y - +0 war axe
rCold   + . .      Faith    .   (no shield)
rNeg    + . .      Spirit   .   c - +0 plate armour
rPois   inf        Reflect  .   (helmet restricted)
rElec   +          Harm     .   s - +1 cloak
rCorr   .          Rampage  .   (no gloves)
Will    .....                   (no boots)
Stlth   ..........              (no amulet)
HPRegen 0.98/turn               l - ring of protection from cold
MPRegen 0.13/turn               (no ring)

@: heroic
A: sickness immunity, AC +6, negative energy resistance 1, electricity
resistance, torment resistance 1, petrification resistance, antennae 1,
regeneration 1
a: Renounce Religion, Heroism


You were on level 7 of the Dungeon.
You worshipped Okawaru.
Okawaru was aware of your devotion.
You visited 2 branches of the dungeon, and saw 8 of its levels.

You collected 400 gold pieces.


Innate Abilities, Weirdness & Mutations

You are immune to sickness and miasma.
Your stone body is resilient. (AC +6)
You are immune to poison.
You resist negative energy. (rN+)
You are resistant to electric shocks. (rElec)
You are resistant to unholy torment.
You are immune to petrification.
You have a pair of small antennae on your head.
Your natural rate of healing is unusually fast.


   Skills:
 - Level 6.0(11.0) Fighting
 + Level 8.7(13.7) Axes
 - Level 1.2(6.2) Throwing
 - Level 5.0(10.0) Armour
 - Level 1.5(6.5) Dodging
 - Level 5.4(10.4) Stealth
 - Level 4.4 Invocations


You had 8 spell levels left.
You didn't know any spells.
Your spell library was empty.

Inventory:

Hand Weapons
 p - a +0 flail
 Y - a +0 war axe (weapon)
Missiles
 a - 3 boomerangs (quivered)
Armour
 c - a +0 plate armour (worn)
 h - the -1 pair of boots of Lilacs {Rampage}
   (You found it on level 7 of the Dungeon)

   Rampage:   It bestows one free step when moving towards enemies.
 s - a +1 cloak (worn)
Jewellery
 l - a ring of protection from cold (left hand)
 r - a ring of ice
Wands
 g - a wand of digging (6)
Scrolls
 d - a scroll of butterflies {unknown}
 i - 2 scrolls of identify
Potions
 e - a potion of invisibility {unknown}
 f - 4 potions of haste
 j - 3 potions of might {unknown}
 k - a potion of curing
 n - a potion of berserk rage {unknown}
 o - a potion of attraction {unknown}
 q - a potion of mutation

Dungeon Overview and Level Annotations

Branches:
Dungeon (7/15)             Temple (1/1) D:6

Altars:
Ashenzari
Cheibriados
Dithmenos
Elyvilon
Fedhas
Gozag
Hepliaklqana
Kikubaaqudgha
Nemelex Xobeh
Okawaru
Qazlal
Ru
Sif Muna
Trog
Uskayaw
Wu Jian
Xom
Yredelemnul
Zin
The Shining One

Shops:
D:2 =   D:5 [


Message History

The orc wizard points at you and mumbles some strange words.
The magic dart hits you but does no damage.
The orc wizard hits you but does no damage.
Things that are here:
a +0 club; a +0 flail of holy wrath You slice the orc wizard!!
You kill the orc wizard!
Okawaru accepts your kill.
The gnoll sergeant hits you but does no damage.
The gnoll hits you but does no damage.
You feel like a meek peon again.
The gnoll sergeant hits you with a +0 spear.
The gnoll hits you but does no damage. x2
5944 ||| INVOKING Heroism.
You gain the combat prowess of a mighty hero.
The gnoll sergeant closely misses you.
The gnoll hits you but does no damage. x2
You barely miss the gnoll sergeant. You hit the gnoll. You slash the gnoll!
The gnoll sergeant completely misses you.
The gnoll hits you but does no damage.
The orc wizard mumbles some strange words.
The orc wizard flickers and vanishes!
Deactivating autopickup; reactivate with Ctrl-A.
An orc comes into view. It is wielding a +1 hand axe of venom.
The gnoll barely misses you.
You hit the gnoll but do no damage.
The gnoll is severely wounded.
You slash the gnoll!
You kill the gnoll!
Okawaru accepts your kill.
You hit the gnoll sergeant but do no damage.
The gnoll sergeant hits you with a +0 spear.
The gnoll hits you but does no damage.
You slash the gnoll!
You kill the gnoll!
Okawaru accepts your kill.
You hit the gnoll sergeant but do no damage.
The gnoll sergeant hits you with a +0 spear.
The orc priest invokes the aid of Beogh against you.
Beogh smites you!
You die...

.........##.#.##.#...~..
~.
............#.##.#.7..o7
..
..........###.##.#.5....
..
..........<....#....~.~.
.~
........#...............
..
......#..............7..
.
#............o..........
#.............o)g)..~.~(
#...............@)......
#####..#........)..7...7
# #..##............~.. #
#..###.....#.......7
#####..##...######..##..
...)#..##.o......#.... .
.....<.##...........###
##...............##.#
..###............####


You could see an orc warrior, a gnoll sergeant, an orc priest, a white imp and 2
orcs.

Vanquished Creatures
  2 orc warriors
  An ice beast (D:7)
  3 black bears
  A hornet zombie (D:7)
  A necrophage (D:7)
  A kobold brigand (D:6)
  A bullfrog (D:6)
  3 scorpions
  A water moccasin zombie (D:7)
  10 wights
  A wyvern zombie (D:7)
  2 hounds
  4 centaur zombies (D:7)
  An orc priest (D:7)
  5 orc wizards
  2 iguanas
  3 howler monkey zombies (D:7)
  5 gnolls
  8 adders
  2 white imps (D:6)
  A worm (D:2)
  3 dart slugs (D:2)
  19 orcs
  6 ball pythons
  6 endoplasms
  5 giant cockroaches
  6 goblins
  8 hobgoblins
  5 jackals
  4 quokkas
  5 bats
  5 frilled lizards
  9 kobolds
  2 rats (D:1)
141 creatures vanquished.

Vanquished Creatures (others)
  A withered plant (D:7)
1 creature vanquished.

Grand Total: 142 creatures vanquished

Notes
Turn   | Place    | Note
-------+----------+-------------------------------------------
     0 | D:5      | qw the Gargoyle Delver began the quest for the Orb.
     0 | D:5      | Reached XP level 1. HP: 14/14 MP: 1/1
     0 | D:5      | 0 ||| qw: Version: 0.1-a-117-gfe26ee0
     0 | D:5      | 0 ||| qw: Game counter: 9898
     0 | D:5      | 0 ||| qw: Always use a shield: true
     0 | D:5      | 0 ||| qw: God list: Okawaru
     0 | D:5      | 0 ||| qw: Allow faded altars: false
     0 | D:5      | 0 ||| qw: Do Orc after D:15 true
     0 | D:5      | 0 ||| qw: Do second Lair branch before Depths: true
     0 | D:5      | 0 ||| qw: Lair rune preference: random
     0 | D:5      | 0 ||| qw: Plans: Normal
     0 | D:5      | 0 ||| PLANNING D:1-11
     4 | D:5      | Identified the +3 ring mail "Voread" {Fly Int+4 Dex+2}
    19 | D:5      | 19 ||| UPGRADING to +3 ring mail "Voread" {Fly Int+4
                  | Dex+2}.
    29 | D:5      | 29 ||| DROPPING +0 leather armour.
    30 | D:5      | 30 ||| DROPPING scroll of fog.
    31 | D:5      | 31 ||| DROPPING scroll of magic mapping.
    32 | D:5      | 32 ||| DROPPING scroll of fear.
   103 | D:4      | Reached skill level 2 in Axes
   137 | D:4      | Reached XP level 2. HP: 19/19 MP: 2/2
   299 | D:3      | 299 ||| READING scroll labelled ZUTYXI POONGI.
   302 | D:3      | 302 ||| Stepping ~*~*~tactically~*~*~ (stealth).
   306 | D:3      | 306 ||| Stepping ~*~*~tactically~*~*~ (stealth).
   316 | D:3      | Reached skill level 3 in Axes
   323 | D:3      | HP: 4/19 [kobold/+1 short sword of electrocution (1)]
   325 | D:3      | Reached XP level 3. HP: 5/23 MP: 3/3
   611 | D:2      | Reached XP level 4. HP: 25/28 MP: 4/4
   707 | D:2      | 707 ||| Stepping ~*~*~tactically~*~*~ (stealth).
   722 | D:2      | 722 ||| Stepping ~*~*~tactically~*~*~ (stealth).
   724 | D:2      | 724 ||| Stepping ~*~*~tactically~*~*~ (stealth).
   729 | D:2      | 729 ||| Stepping ~*~*~tactically~*~*~ (stealth).
   730 | D:2      | 730 ||| Stepping ~*~*~tactically~*~*~ (stealth).
   731 | D:2      | 731 ||| READING scroll labelled HACZOPTEWE.
   734 | D:2      | 734 ||| Stepping ~*~*~tactically~*~*~ (stealth).
   735 | D:2      | 735 ||| Stepping ~*~*~tactically~*~*~ (stealth).
   737 | D:2      | 737 ||| Stepping ~*~*~tactically~*~*~ (stealth).
   738 | D:2      | 738 ||| Stepping ~*~*~tactically~*~*~ (stealth).
   739 | D:2      | 739 ||| FLEEEEING.
   770 | D:2      | 770 ||| FLEEEEING.
   771 | D:2      | 771 ||| FLEEEEING.
   772 | D:2      | 772 ||| FLEEEEING.
   773 | D:2      | 773 ||| STAIRDANCE
  1300 | D:1      | Found a faded altar of an unknown god.
  1610 | D:1      | 1610 ||| Stepping ~*~*~tactically~*~*~ (stealth).
  1611 | D:1      | 1611 ||| Stepping ~*~*~tactically~*~*~ (stealth).
  1615 | D:1      | 1615 ||| Stepping ~*~*~tactically~*~*~ (stealth).
  1725 | D:1      | 1725 ||| UPGRADING to ring of protection from cold.
  1726 | D:1      | 1726 ||| READING 2 scrolls labelled IKANUR ZIRA.
  1731 | D:1      | 1731 ||| DRINKING 2 puce potions.
  1732 | D:1      | 1732 ||| DRINKING 2 viscous dark potions.
  1833 | D:1      | 1833 ||| DROPPING potion of degeneration.
  1834 | D:1      | 1834 ||| DROPPING potion of ambrosia.
  1984 | D:2      | 1984 ||| Stepping ~*~*~tactically~*~*~ (stealth).
  1985 | D:2      | 1985 ||| Stepping ~*~*~tactically~*~*~ (stealth).
  1986 | D:2      | 1986 ||| Stepping ~*~*~tactically~*~*~ (stealth).
  1987 | D:2      | 1987 ||| DROPPING +0 whip.
  1990 | D:2      | 1990 ||| Stepping ~*~*~tactically~*~*~ (stealth).
  1991 | D:2      | 1991 ||| Stepping ~*~*~tactically~*~*~ (stealth).
  2003 | D:2      | 2003 ||| Stepping ~*~*~tactically~*~*~ (hiding).
  2079 | D:2      | 2079 ||| Stepping ~*~*~tactically~*~*~ (stealth).
  2082 | D:2      | 2082 ||| Stepping ~*~*~tactically~*~*~ (hiding).
  2093 | D:2      | 2093 ||| Stepping ~*~*~tactically~*~*~ (stealth).
  2113 | D:2      | 2113 ||| Stepping ~*~*~tactically~*~*~ (hiding).
  2182 | D:2      | Reached skill level 4 in Axes
  2182 | D:2      | Reached XP level 5. HP: 32/32 MP: 5/5
  2239 | D:2      | 2239 ||| Stepping ~*~*~tactically~*~*~ (stealth).
  2240 | D:2      | 2240 ||| Stepping ~*~*~tactically~*~*~ (stealth).
  2274 | D:2      | 2274 ||| Stepping ~*~*~tactically~*~*~ (stealth).
  2276 | D:2      | 2276 ||| Stepping ~*~*~tactically~*~*~ (stealth).
  2277 | D:2      | 2277 ||| Stepping ~*~*~tactically~*~*~ (stealth).
  2529 | D:2      | Found a glowing silver altar of Zin.
  2530 | D:2      | 2530 ||| Stepping ~*~*~tactically~*~*~ (stealth).
  2627 | D:2      | Found Xoessac's Jewellery Shoppe.
  2635 | D:2      | 2635 ||| SHOPLISTING +4 ring of protection (468 gold, have
                  | 165).
  2635 | D:2      | 2635 ||| SHOPLISTING amulet of guardian spirit (390 gold,
                  | have 165).
  2635 | D:2      | 2635 ||| SHOPLISTING amulet of the acrobat (390 gold, have
                  | 165).
  2635 | D:2      | 2635 ||| SHOPLISTING ring of fire (325 gold, have 165).
  2635 | D:2      | 2635 ||| SHOPLISTING ring of positive energy (260 gold,
                  | have 165).
  2635 | D:2      | 2635 ||| SHOPLISTING ring of see invisible (195 gold, have
                  | 165).
  2804 | D:2      | 2804 ||| READING 2 scrolls labelled APSOEH OGOI.
  2805 | D:2      | 2805 ||| DROPPING scroll of amnesia.
  3277 | D:3      | 3277 ||| UPGRADING to +1 cloak.
  3282 | D:3      | 3282 ||| DRINKING 2 golden potions.
  3283 | D:3      | 3283 ||| DRINKING 2 murky blue potions.
  3283 | D:3      | Gained mutation: Your natural rate of healing is unusually
                  | fast. [potion of mutation]
  3283 | D:3      | Gained mutation: You have a pair of small antennae on your
                  | head. [potion of mutation]
  3414 | D:4      | 3414 ||| Stepping ~*~*~tactically~*~*~ (stealth).
  3425 | D:4      | 3425 ||| Stepping ~*~*~tactically~*~*~ (stealth).
  3716 | D:4      | 3716 ||| Stepping ~*~*~tactically~*~*~ (stealth).
  3723 | D:4      | 3723 ||| Stepping ~*~*~tactically~*~*~ (stealth).
  3727 | D:4      | 3727 ||| Stepping ~*~*~tactically~*~*~ (stealth).
  3742 | D:4      | Reached skill level 5 in Axes
  3742 | D:4      | Reached XP level 6. HP: 33/37 MP: 6/6
  3780 | D:4      | 3780 ||| Stepping ~*~*~tactically~*~*~ (stealth).
  3880 | D:4      | 3880 ||| READING scroll labelled ROFOAN ASKERCH.
  3881 | D:4      | 3881 ||| READING scroll labelled KAWOEK SAECH.
  3882 | D:4      | 3882 ||| READING 3 scrolls of identify.
  3882 | D:4      | 3882 ||| IDENTIFYING blue potion
  3883 | D:4      | 3883 ||| READING 2 scrolls of identify.
  3883 | D:4      | 3883 ||| IDENTIFYING murky ruby potion
  3884 | D:4      | 3884 ||| DROPPING potion of lignification.
  3885 | D:4      | 3885 ||| DROPPING potion of brilliance.
  3923 | D:5      | Identified the +3 leather armour of Ohirr {-Tele rElec
                  | Str+8 Slay-3}
  4014 | D:5      | 4014 ||| SWAPPING to +0 war axe.
  4015 | D:5      | 4015 ||| DROPPING +1 hand axe.
  4065 | D:5      | Found Wobbew's Armour Shop.
  4066 | D:5      | Noticed a black bear
  4081 | D:5      | Killed a black bear
  4089 | D:5      | 4089 ||| SHOPLISTING +0 fire dragon scales (780 gold, have
                  | 277).
  4089 | D:5      | 4089 ||| SHOPLISTING +0 plate armour (299 gold, have 277).
  4089 | D:5      | 4089 ||| SHOPLISTING +0 shadow dragon scales (1040 gold,
                  | have 277).
  4089 | D:5      | 4089 ||| SHOPLISTING +3 scale mail of cold resistance (338
                  | gold, have 277).
  4089 | D:5      | 4089 ||| SHOPLISTING +4 skin of Zhor {*Englaciate rC+++
                  | SInv} (864 gold, have 277).
  4178 | D:5      | 4178 ||| DROPPING +0 mace of protection.
  4193 | D:5      | Noticed a black bear
  4204 | D:5      | Killed a black bear
  4205 | D:5      | Reached XP level 7. HP: 44/44 MP: 7/7
  4256 | D:5      | Reached skill level 6 in Axes
  4339 | D:5      | 4339 ||| READING scroll labelled VUSI ILYUDWELEFON.
  4440 | D:5      | 4440 ||| READING 2 scrolls of identify.
  4440 | D:5      | 4440 ||| IDENTIFYING metallic silvery potion
  4441 | D:5      | 4441 ||| DROPPING potion of magic.
  4480 | D:6      | 4480 ||| Stepping ~*~*~tactically~*~*~ (stealth).
  4484 | D:6      | 4484 ||| Stepping ~*~*~tactically~*~*~ (stealth).
  4498 | D:6      | HP: 9/44 [wight/+4 spear of freezing (5)]
  4499 | D:6      | 4499 ||| READING 3 scrolls of teleportation.
  4528 | D:6      | HP: 10/44 [wight/+4 spear of freezing (2)]
  4529 | D:6      | 4529 ||| READING 2 scrolls of teleportation.
  4533 | D:6      | 4533 ||| READING scroll of teleportation.
  4534 | D:6      | HP: 7/44 [orc warrior/+0 halberd (5)]
  4590 | D:6      | 4590 ||| Stepping ~*~*~tactically~*~*~ (stealth).
  4600 | D:6      | Reached skill level 7 in Axes
  4606 | D:6      | Reached XP level 8. HP: 48/48 MP: 8/8
  4795 | D:6      | Found a staircase to the Ecumenical Temple.
  4796 | D:6      | 4796 ||| PLANNING TEMPLE
  4797 | D:6      | 4797 ||| Stepping ~*~*~tactically~*~*~ (stealth).
  4812 | D:6      | Reached skill level 1 in Throwing
  4820 | Temple   | Entered the Ecumenical Temple
  4931 | Temple   | 4931 ||| PLANNING D:1-11
  4957 | Temple   | Became a worshipper of Warmaster Okawaru
  5024 | D:6      | Found a shadowy altar of Dithmenos.
  5039 | D:6      | 5039 ||| Stepping ~*~*~tactically~*~*~ (stealth).
  5151 | D:6      | 5151 ||| Stepping ~*~*~tactically~*~*~ (hiding).
  5156 | D:6      | 5156 ||| Stepping ~*~*~tactically~*~*~ (hiding).
  5173 | D:6      | HP: 9/50 [orc warrior/+0 halberd (8)]
  5176 | D:6      | Reached skill level 8 in Axes
  5298 | D:6      | 5298 ||| UPGRADING to +0 plate armour.
  5308 | D:6      | 5308 ||| DROPPING +3 ring mail "Voread" {Fly Int+4 Dex+2}.
  5309 | D:6      | 5309 ||| DROPPING +0 chain mail.
  5310 | D:6      | 5310 ||| READING 3 scrolls labelled JAUSON ABIBIA.
  5311 | D:6      | 5311 ||| DROPPING 2 scrolls of noise.
  5322 | D:5      | Found a white marble altar of Elyvilon.
  5322 | D:5      | Found a broken altar of Ashenzari.
  5352 | D:7      | 5352 ||| STAIRDANCE
  5369 | D:7      | 5369 ||| STAIRDANCE
  5378 | D:7      | 5378 ||| STAIRDANCE
  5383 | D:6      | Reached skill level 3 in Armour
  5407 | D:7      | 5407 ||| STAIRDANCE
  5420 | D:7      | 5420 ||| STAIRDANCE
  5432 | D:7      | 5432 ||| STAIRDANCE
  5455 | D:7      | 5455 ||| STAIRDANCE
  5489 | D:7      | 5489 ||| STAIRDANCE
  5509 | D:7      | 5509 ||| STAIRDANCE
  5529 | D:7      | 5529 ||| STAIRDANCE
  5545 | D:7      | Reached * piety under Okawaru
  5547 | D:7      | Reached skill level 1 in Invocations
  5547 | D:7      | 5547 ||| STAIRDANCE
  5713 | D:7      | 5713 ||| INVOKING Heroism.
  5716 | D:7      | Reached XP level 9. HP: 39/55 MP: 7/10
  5758 | D:7      | Identified the -1 pair of boots of Lilacs {Rampage}
  5839 | D:7      | 5839 ||| Stepping ~*~*~tactically~*~*~ (hiding).
  5849 | D:7      | 5849 ||| INVOKING Heroism.
  5853 | D:7      | Reached skill level 6 in Fighting
  5854 | D:7      | Reached skill level 3 in Invocations
  5899 | D:7      | 5899 ||| INVOKING Heroism.
  5903 | D:7      | 5903 ||| Stepping ~*~*~tactically~*~*~ (hiding).
  5904 | D:7      | 5904 ||| Stepping ~*~*~tactically~*~*~ (hiding).
  5918 | D:7      | 5918 ||| INVOKING Heroism.
  5925 | D:7      | HP: 10/55 [orc warrior/+0 mace (11)]
  5926 | D:7      | 5926 ||| READING scroll of teleportation.
  5926 | D:7      | HP: 3/55 [orc warrior/+0 mace (8)]
  5944 | D:7      | 5944 ||| INVOKING Heroism.
  5947 | D:7      | HP: 13/55 [gnoll sergeant/+0 spear (6)]
  5947 | D:7      | Killed from afar by an orc priest

Levels and vault maps discovered:
D:1:      arrival_aquarium_a, layout_basic, chequers_ecumenical_altar_island
D:2:      minmay_diamond_boxcup, layout_basic, serial_shops, shop_statue,
          basic_altar
D:3:      layout_basic, chequers_serial_rivers_small_3
D:4:      layout_gridville, hangedman_abyss_or_decor_stabs
D:5:      layout_rooms, nicolae_overflow_hidden_temple, serial_shops,
          nicolae_shop_waterfront
D:6:      layout_loops_cross, nicolae_dithmenos_the_darkroom,
          minmay_temple_entry_junction, minmay_misc_feat_tiny,
          minmay_misc_feat_five
D:7:      layout_rooms, serial_undead, serial_undead_e, serial_undead_e,
          serial_undead_d, serial_undead_d, serial_park_tiny_2,
          nicolae_kite_square_tiling_tiny, minmay_statues_item,
          nicolae_zen_rock_garden, reono_crystal_passage
Temple:   minmay_temple_bridge_d

Skill      XL: |  1  2  3  4  5  6  7  8  9 |
---------------+----------------------------+-----
Axes           | 2 3 4 5 7 8 |  8.7
Armour         | 2 5 |  5.0
Fighting       | 4 5 6 |  6.0
Throwing       | 1 |  1.2
Invocations    | 2 4 |  4.4
Dodging        | |  1.5
Stealth        | |  5.4

Action                   |  1- 3 |  4- 6 |  7- 9 || total
-------------------------+-------+-------+-------++-------
Melee: Hand axe          |    70 |   228 |       ||   298
       Punch             |     1 |     1 |     4 ||     6
       War axe           |       |    18 |   191 ||   209
Throw: Boomerang         |       |       |    22 ||    22
Invok: Heroism           |       |       |     5 ||     5
  Use: Scroll            |     1 |     7 |     7 ||    15
       Potion            |       |     4 |       ||     4
 Stab: Sleeping          |       |     2 |       ||     2
Armor: Ring mail         |    43 |   113 |    68 ||   224
       Plate armour      |       |       |   276 ||   276
Dodge: Dodged            |    45 |   127 |   201 ||   373

Table legend:
 A = Non-vault XP
 B = Vault XP
 C = Vault XP percentage of total XP
 D = Non-vault monster count
 E = Vault monster count
 F = Vault count percentage of total count
                 A         B        C        D         E       F
            +---------+---------+-------+---------+---------+-------
      Total |    2420 |     909 |  27.3 |     118 |      23 |  16.3
            +---------+---------+-------+---------+---------+-------
        D:1 |      31 |       0 |   0.0 |      20 |       0 |   0.0
        D:2 |      66 |      30 |  31.2 |      21 |       8 |  27.6
        D:3 |      91 |       0 |   0.0 |      13 |       0 |   0.0
        D:4 |     123 |       0 |   0.0 |      12 |       0 |   0.0
        D:5 |     350 |       0 |   0.0 |       5 |       0 |   0.0
        D:6 |    1134 |      70 |   5.8 |      32 |       1 |   3.0
        D:7 |     625 |     809 |  56.4 |      15 |      14 |  48.3
            +---------+---------+-------+---------+---------+-------
